 Dungeon Crawl Stone Soup version 0.30-a0-2-gf48d83f5e2 (webtiles) character file.

Game seed: 3669016661456935814

77 leavemydog the Conjurer (level 4, -6/24 HPs)
             Began as a Deep Elf Conjurer on Aug 19, 2022.
             Killed by miscasting Iskenderun's Mystic Blast (13 damage)
             ... on level 2 of the Dungeon.
             The game lasted 00:04:30 (2486 turns).

leavemydog the Conjurer (Deep Elf Conjurer)         Turns: 2486, Time: 00:04:31

Health: -6/24      AC:  7    Str:  4    XL:     4   Next: 13%
Magic:  7/11       EV: 12    Int: 25    God:
Gold:   93         SH:  0    Dex: 13    Spells: 3/10 levels left

rFire   . . .      SeeInvis .    u - +1 dagger (speed)
rCold   . . .      Faith    .    (no shield)
rNeg    . . .      Spirit   .    a - +0 robe
rPois   .          Reflect  .    (no helmet)
rElec   .          Harm     .    (no cloak)
rCorr   .          Rampage  .    c - +0 pair of gloves
Will    .....                    (no boots)
Stlth   ++........               (no amulet)
HPRegen 0.08/turn                f - +4 ring of protection
MPRegen 0.12/turn                (no ring)

@: very slightly contaminated
A: no striking features
a: no special abilities


You were on level 2 of the Dungeon.
You visited 1 branch of the dungeon, and saw 2 of its levels.

You collected 93 gold pieces.

Inventory:

Hand Weapons
 p - a +0 rapier
 u - a +1 dagger of speed (weapon)
Armour
 a - a +0 robe (worn)
 c - a +0 pair of gloves (worn)
Jewellery
 f - a +4 ring of protection (left hand)
 g - a ring of resist corrosion
Scrolls
 d - 2 scrolls of poison {unknown}
 e - a scroll of identify {unknown}
 h - a scroll of summoning {unknown}
 i - a scroll of amnesia {unknown}
 k - a scroll of acquirement {unknown}
 l - a scroll of noise {unknown}
 o - a scroll of blinking {unknown}
 t - a scroll of enchant armour {unknown}
Potions
 j - a potion of curing
 m - a potion of resistance {unknown}
 n - a potion of flight {unknown}
 q - 2 potions of heal wounds {unknown}
 r - a potion of lignification {unknown}
 s - 2 potions of degeneration {unknown}


   Skills:
 - Level 2.4 Dodging
 - Level 2.4 Stealth
 + Level 3.9 Spellcasting
 + Level 5.9 Conjurations


You had 3 spell levels left.
You knew the following spells:

 Your Spells              Type           Power      Damage    Failure   Level
a - Magic Dart            Conj           100%       1d8       1%          1
b - Searing Ray           Conj           68%        2d6       1%          2
c - Iskenderun's Mystic   Conj/Tloc      19%        2d6       26%         4

Your spell library contained the following spells:

 Spells                   Type           Power      Damage    Failure   Level
 Dazzling Flash           Conj/Hex       38%        N/A       9%          3
 Fulminant Prism          Conj/Hex       9%         3d7       26%         4
 Alistair's Intoxication  Tmut/Pois      2%         N/A       95%         5
 Borgnjor's Vile Clutch   Necr/Erth      2%         N/A       95%         5
 Eringya's Noxious Bog    Tmut/Pois      2%         N/A       100%        6


Dungeon Overview and Level Annotations

Branches:
Dungeon (2/15)

Altars:

Annotations:
D:2 Sigmund


Message History

Sigmund is lightly wounded.
Sigmund shouts! (Press . to maintain the ray.) Sigmund mumbles some strange words.
Sigmund flickers and vanishes!
Deactivating autopickup; reactivate with Ctrl-A.
The searing ray hits something.
You finish channelling your searing ray.
Casting: Searing Ray (safe; 1% risk of failure)
Confirm with . or Enter, or press ? or * to list all spells.
Aiming: Searing Ray (safe; 1% risk of failure)
Press: ? - help, Shift-Dir - straight line (Press . to maintain the ray.)
The searing ray hits something!
The searing ray hits something.
You finish channelling your searing ray.
You hear some strange, mumbled words.
You are confused.
Something hits you!
You closely miss something. Something hits you.
It was a potion of curing.
You feel better. Magic courses through your body. Something hits you!
* * * LOW HITPOINT WARNING * * *
Casting: Searing Ray (safe; 1% risk of failure)
Confirm with . or Enter, or press ? or * to list all spells.
Okay, then.
Casting: Searing Ray (safe; 1% risk of failure)
Confirm with . or Enter, or press ? or * to list all spells.
Okay, then.
Casting: Searing Ray (safe; 1% risk of failure)
Confirm with . or Enter, or press ? or * to list all spells.
You can't see any susceptible monsters within range! (Use Z to cast anyway.)
Casting: Searing Ray (safe; 1% risk of failure)
Confirm with . or Enter, or press ? or * to list all spells.
The spell is astonishingly dangerous to miscast (26% risk of failure)!
Continue anyway?
You miscast Iskenderun's Mystic Blast.
You are very lightly contaminated with residual magic.
Sparks fly from your hands!
Ouch! That really hurt!
You die...

#.# #.....# ####... #.#
#.###.# #...... #.# #.###.#
###.##.P# #.# #.....#
#...#.... #.# #.....#
#.#.#..P. #.###### ##....# #
#####.#.#.... #......#
##.#.# #.....##.#.#..).
######.#
#.#.###.###.##.#...... #.#
##.#..@{...#.##.#.#.... #.#
##.#.####.#........###''
#.###.###.###.....##.#......
#....## ##.......###.#####..
#####.###.#####.####.# ##.
##.#.## #.....##.# #.
##.#####.#.#.##.# #.
#...........<#.# #.
#######.#.#..#.# #.


There were no monsters in sight!

Vanquished Creatures
  Robin (D:2)
  An adder (D:2)
  2 worms (D:2)
  3 dart slugs (D:1)
  4 bats
  3 endoplasms
  5 giant cockroaches
  7 goblins
  4 hobgoblins
  A kobold (D:1)
  2 quokkas
  2 ball pythons (D:1)
  2 frilled lizards (D:1)
  2 rats (D:1)
39 creatures vanquished.

Vanquished Creatures (others)
  5 plants (D:2)
5 creatures vanquished.

Grand Total: 44 creatures vanquished

Notes
Turn   | Place    | Note
-------+----------+-------------------------------------------
     0 | D:1      | leavemydog the Deep Elf Conjurer began the quest for the
                  | Orb.
     0 | D:1      | Reached XP level 1. HP: 10/10 MP: 6/6
   190 | D:1      | Reached XP level 2. HP: 15/15 MP: 5/8
   193 | D:1      | Learned a level 2 spell: Searing Ray
   396 | D:1      | Reached skill level 5 in Conjurations
   911 | D:1      | Reached XP level 3. HP: 19/19 MP: 5/9
  1558 | D:2      | Noticed Sigmund
  1944 | D:2      | Noticed Robin
  1951 | D:2      | Killed Robin
  1959 | D:2      | Reached XP level 4. HP: 21/24 MP: 1/11
  2093 | D:2      | Learned a level 4 spell: Iskenderun's Mystic Blast
  2486 | D:2      | Killed by miscasting Iskenderun's Mystic Blast

Illustrated notes

Levels and vault maps discovered:
D:1:      sevenhm_arrival_forest_fort_large_3, layout_loops_ring,
          chequers_decorated_corner, minmay_misc_feat_tower
D:2:      cheibrodos_old_hovel, layout_loops_ring, uniq_robin, uniq_sigmund

Skill      XL: |  1  2 |
---------------+-------+-----
Conjurations   | 5 |  5.9
Dodging        | |  2.4
Stealth        | |  2.4
Spellcasting   | |  3.9

Action                   |  1- 3 |  4- 6 || total
-------------------------+-------+-------++-------
Melee: Rapier            |     5 |    14 ||    19
       Dagger            |       |     1 ||     1
 Cast: Magic Dart        |    60 |     4 ||    64
       Searing Ray       |     3 |     2 ||     5
  Use: Potion            |       |     2 ||     2
Armor: Robe              |     2 |     5 ||     7
Dodge: Dodged            |     8 |     5 ||    13

Table legend: (Time is in decaauts)
 A = Elapsed time spent in this place.
 B = Non-inter-level travel time spent in this place.
 C = Inter-level travel time spent in this place.
 D = Time resting spent in this place.
 E = Time spent auto-exploring this place.
 F = Levels seen in this place.
 G = Mean time per level.
                   A        B        C        D        E       F      G
               +--------+--------+--------+--------+--------+-----+--------+
         Total |   2488 |   2404 |     84 |    634 |   1552 |   2 | 1244.0 |
       Dungeon |   2488 |   2404 |     84 |    634 |   1552 |   2 | 1244.0 |
               +--------+--------+--------+--------+--------+-----+--------+

Top non-repeatable levels by time:
     D:1: 1488 daAuts
     D:2: 999 daAuts
